 Dungeon Crawl Stone Soup version 0.30-a0-141-g30f27751c5 (webtiles) character file.

Game seed: 4924203072855648807

166 qw the Chopper (level 5, -8/32 HPs)
             Began as a Gargoyle Fighter on Sept 25, 2022.
             Killed from afar by Ijyb (10 damage)
             ... with a bolt of acid
             ... on level 3 of the Dungeon.
             The game lasted 00:00:40 (1861 turns).

qw the Chopper (Gargoyle Fighter)                   Turns: 1861, Time: 00:00:40

Health: -8/32      AC: 12    Str: 21 (22) XL:     5   Next: 47%
Magic:  5/5        EV:  5    Int:  7 (8)  God:
Gold:   209        SH:  4    Dex:  9      Spells: 4/4 levels left

rFire   . . .      SeeInvis .    Y - +1 broad axe
rCold   . . .      Faith    .    c - +0 buckler
rNeg    + . .      Spirit   .    h - +0 plate armour
rPois   inf        Reflect  .    n - +0 helmet
rElec   +          Harm     .    (no cloak)
rCorr   .          Rampage  .    (no gloves)
Will    .....                    (no boots)
Stlth   ..........               (no amulet)
HPRegen 0.10/turn                k - +4 ring of slaying {mikee}
MPRegen 0.09/turn                (no ring)

@: about to teleport, corroded
A: sickness immunity, AC +4, negative energy resistance 1, electricity
resistance, torment resistance 1, petrification resistance
a: no special abilities


You were on level 3 of the Dungeon.
You visited 1 branch of the dungeon, and saw 3 of its levels.

You collected 209 gold pieces.


Innate Abilities, Weirdness & Mutations

You are immune to sickness and miasma.
Your stone body is resilient. (AC +4)
You are immune to poison.
You resist negative energy. (rN+)
You are resistant to electric shocks. (rElec)
You are resistant to unholy torment.
You are immune to petrification.


   Skills:
 + Level 3.3 Fighting
 - Level 5.0 Axes
 - Level 3.2 Armour
 - Level 3.2 Shields


You had 4 spell levels left.
You didn't know any spells.
Your spell library was empty.

Inventory:

Hand Weapons
 f - a +0 mace
 Y - a +1 broad axe (weapon)
Missiles
 a - 3 boomerangs (quivered)
Armour
 c - a +0 buckler (worn)
 h - a +0 plate armour (worn)
 n - a +0 helmet (worn)
Jewellery
 k - a +4 ring of slaying (left hand) {mikee}
Scrolls
 b - a scroll of blinking {unknown}
 e - a scroll of identify
 g - a scroll of butterflies {unknown}
 l - 2 scrolls of teleportation
 p - a scroll of acquirement {unknown}
Potions
 d - a potion of might
 i - 2 potions of curing
 j - a potion of haste {unknown}
 m - a potion of attraction
 o - a potion of flight {unknown}

Dungeon Overview and Level Annotations

Branches:
Dungeon (3/15)

Altars:
Ru

Annotations:
D:3 Ijyb


Message History

The kobold shouts!
Throw: 3 boomerangs
Press: ? - help, Q - select action Shift-Dir - straight line, f - kobold You throw a boomerang.
The boomerang completely misses the kobold.
The kobold throws a stone.
The stone hits you but does no damage.
Throw: 3 boomerangs
Press: ? - help, Q - select action Shift-Dir - straight line, f/p - kobold You throw a boomerang.
The boomerang hits the kobold.
You kill the kobold!
You now have 198 gold pieces (gained 9).
A quokka comes into view.
Found 11 gold pieces.
Throw: 3 boomerangs
Press: ? - help, Q - select action Shift-Dir - straight line, f - quokka You throw a boomerang.
The boomerang hits the quokka!
You kill the quokka!
There is a stone staircase leading down here.
You now have 209 gold pieces (gained 11).
l - 3 scrolls of teleportation (gained 1) Ijyb the Twisted Goblin comes into view.
She is wielding a +0 dagger and carrying a wand of acid (9).
Ijyb shouts!
Ijyb zaps a wand.
The bolt of acid misses you.
You hit Ijyb.
Ijyb is lightly wounded.
Ijyb zaps a wand.
The bolt of acid hits you! Ijyb barely misses you.
You barely miss Ijyb.
Ijyb is lightly wounded.
Ijyb screams, "Die!"
Ijyb zaps a wand.
The bolt of acid hits you!
Ouch! That really hurt!
The acid corrodes you!
1860 ||| READING 3 scrolls of teleportation.
As you read the scroll of teleportation, it crumbles to dust.
You feel strangely unstable. Ijyb hits you but does no damage.
You hit Ijyb but do no damage.
Ijyb is lightly wounded.
Ijyb zaps a wand.
The bolt of acid hits you!
You die...

#..# #..#######.
... ...........
#.# ###.#######
#.# #...## #.#
###..#### #.#
#.......# #.#
#.!%....##.# #g#
#........#.# #@#
#...)....#.# #.#
#........#.# #.#
#........#.# #.#
########.#.# #.#
#.########.#.# #.#
#..).........# #.#
###########.####.#
.........>...#


You could see Ijyb.

Vanquished Creatures
  Natasha (thrice) (D:3)
  Robin (D:2)
  2 adders (D:2)
  3 worms (D:2)
  2 dart slugs
  3 bats
  2 endoplasms (D:1)
  7 goblins
  9 hobgoblins
  3 quokkas
  2 ball pythons (D:1)
  4 frilled lizards
  3 kobolds
  7 rats
51 creatures vanquished.

Notes
Turn   | Place    | Note
-------+----------+-------------------------------------------
     0 | D:1      | qw the Gargoyle Fighter began the quest for the Orb.
     0 | D:1      | Reached XP level 1. HP: 14/14 MP: 1/1
     0 | D:1      | 0 ||| qw: Version: 0.2-a-10-g399e6c4
     0 | D:1      | 0 ||| qw: Game counter: 261
     0 | D:1      | 0 ||| qw: Always use a shield: true
     0 | D:1      | 0 ||| qw: God list: Okawaru
     0 | D:1      | 0 ||| qw: Allow faded altars: false
     0 | D:1      | 0 ||| qw: Do Orc after D:15 true
     0 | D:1      | 0 ||| qw: Do second Lair branch before Depths: true
     0 | D:1      | 0 ||| qw: Lair rune preference: random
     0 | D:1      | 0 ||| qw: Plans: Normal, Zot:1-4, God:TSO, Crypt, Tomb,
                  | Pan, Slime:5, Hells, Abyss, Orb
     0 | D:1      | 0 ||| PLANNING D:1-11
    18 | D:1      | Found a faded altar of an unknown god.
    73 | D:1      | Reached skill level 2 in Axes
   109 | D:1      | Reached XP level 2. HP: 14/19 MP: 2/2
   192 | D:1      | 192 ||| Stepping ~*~*~tactically~*~*~ (stealth).
   199 | D:1      | 199 ||| Stepping ~*~*~tactically~*~*~ (stealth).
   200 | D:1      | 200 ||| Stepping ~*~*~tactically~*~*~ (stealth).
   204 | D:1      | 204 ||| Stepping ~*~*~tactically~*~*~ (stealth).
   231 | D:1      | 231 ||| Stepping ~*~*~tactically~*~*~ (stealth).
   250 | D:1      | 250 ||| Stepping ~*~*~tactically~*~*~ (stealth).
   308 | D:1      | 308 ||| SWAPPING to +0 broad axe.
   309 | D:1      | 309 ||| DROPPING +0 war axe.
   562 | D:1      | Reached skill level 3 in Axes
   638 | D:1      | 638 ||| UPGRADING to +4 ring of slaying {mikee}.
   639 | D:1      | 639 ||| READING scroll labelled XETAMI DOEZACW.
   740 | D:1      | 740 ||| READING scroll labelled GAPIZO GAGIO.
   744 | D:1      | 744 ||| READING scroll labelled WIL XUAKKU.
   745 | D:1      | 745 ||| READING scroll labelled KICOAHESTO.
   746 | D:1      | 746 ||| DRINKING 3 ruby potions.
   773 | D:2      | Reached XP level 3. HP: 22/23 MP: 3/3
  1097 | D:2      | 1097 ||| Stepping ~*~*~tactically~*~*~ (stealth).
  1101 | D:2      | Reached XP level 4. HP: 28/28 MP: 4/4
  1103 | D:2      | Noticed Robin
  1104 | D:2      | 1104 ||| Stepping ~*~*~tactically~*~*~ (stealth).
  1114 | D:2      | Reached skill level 4 in Axes
  1123 | D:2      | HP: 5/28 [something (5)]
  1124 | D:2      | Killed Robin
  1533 | D:2      | 1533 ||| DROPPING orb of light.
  1534 | D:2      | 1534 ||| UPGRADING to +0 plate armour.
  1544 | D:2      | 1544 ||| DROPPING +0 scale mail.
  1545 | D:2      | 1545 ||| UPGRADING to +0 helmet.
  1550 | D:2      | 1550 ||| DRINKING 2 fuming inky potions.
  1551 | D:2      | 1551 ||| READING 2 scrolls of identify.
  1551 | D:2      | 1551 ||| IDENTIFYING amethyst potion
  1552 | D:2      | 1552 ||| DROPPING potion of degeneration.
  1582 | D:3      | Noticed Natasha
  1584 | D:3      | Killed Natasha
  1598 | D:3      | Noticed Natasha
  1599 | D:3      | 1599 ||| Stepping ~*~*~tactically~*~*~ (hiding).
  1601 | D:3      | Killed Natasha
  1602 | D:3      | Reached XP level 5. HP: 32/32 MP: 5/5
  1744 | D:3      | Found a sacrificial altar of Ru.
  1810 | D:3      | Noticed Natasha
  1815 | D:3      | Killed Natasha
  1816 | D:3      | Reached skill level 5 in Axes
  1854 | D:3      | Noticed Ijyb
  1859 | D:3      | HP: 2/32 [Ijyb/bolt of acid (16)]
  1860 | D:3      | 1860 ||| READING 3 scrolls of teleportation.
  1861 | D:3      | Killed from afar by Ijyb

Levels and vault maps discovered:
D:1:      lemuel_arrival_cross, layout_rooms,
          hellmonk_ecumenical_altar_crossroads, nrook_uturn, minmay_tromino_i4
D:2:      layout_rooms, uniq_robin
D:3:      layout_basic, nicolae_ru_the_path_less_chosen, uniq_natasha,
          uniq_jessica, uniq_ijyb

Skill      XL: |  1  2  3  4  5 |
---------------+----------------+-----
Axes           | 2 3 4 5 |  5.0
Fighting       | |  3.3
Armour         | |  3.2
Shields        | |  3.2

Action                   |  1- 3 |  4- 6 || total
-------------------------+-------+-------++-------
Melee: War axe           |    24 |       ||    24
       Broad axe         |    39 |    22 ||    61
Throw: Boomerang         |    28 |    11 ||    39
  Use: Scroll            |     4 |     2 ||     6
       Potion            |     1 |     1 ||     2
Armor: Scale mail        |    21 |    19 ||    40
       Plate armour      |       |     5 ||     5
Dodge: Dodged            |    26 |    11 ||    37
Block: Buckler           |    12 |     1 ||    13

Table legend:
 A = Non-vault XP
 B = Vault XP
 C = Vault XP percentage of total XP
 D = Non-vault monster count
 E = Vault monster count
 F = Vault count percentage of total count
                 A         B        C        D         E       F
            +---------+---------+-------+---------+---------+-------
      Total |     161 |      77 |  32.4 |      34 |      17 |  33.3
            +---------+---------+-------+---------+---------+-------
        D:1 |      27 |       5 |  15.6 |      16 |       4 |  20.0
        D:2 |      58 |      37 |  38.9 |      13 |      12 |  48.0
        D:3 |      76 |      35 |  31.5 |       5 |       1 |  16.7
            +---------+---------+-------+---------+---------+-------
